 Dungeon Crawl Stone Soup version 0.27.1-15-g792fb953b9 (webtiles) character file.

Game seed: 9961015773623518089

11 spaced the Sneak (level 2, 0/15 HPs)
             Began as a Vampire Enchanter on Nov 20, 2021.
             Slain by a kobold (2 damage)
             ... on level 1 of the Dungeon.
             The game lasted 00:02:22 (324 turns).

spaced the Sneak (Vampire Enchanter)                 Turns: 324, Time: 00:02:23

Health: 0/15       AC:  2    Str:  7    XL:     2   Next: 13%
Magic:  1/5        EV: 12    Int: 17    God:
Gold:   19         SH:  0    Dex: 14    Spells: 2/5 levels left

rFire    . . .     SeeInvis +   a - +1 dagger
rCold    + + .     Faith    .   (no shield)
rNeg     + + +     Spirit   .   b - +0 robe
rPois    ∞         Reflect  .   (no helmet)
rElec    .         Harm     .   (no cloak)
rCorr    .         Rampage  .   (no gloves)
Will     .....                  (no boots)
Stlth    +++++.....             (no amulet)
HPRegen  0.00/turn              (no ring)
MPRegen  0.09/turn              (no ring)

@: bloodless, inhibited regen
A: bloodless, fangs 3, see invisible, vampiric 1
a: Revivify


You were on level 1 of the Dungeon.
You visited 1 branch of the dungeon, and saw 1 of its levels.

You collected 19 gold pieces.

Inventory:

Hand Weapons
 a - a +1 dagger (weapon)
Armour
 b - a +0 robe (worn)
Potions
 c - a potion of berserk rage {unknown}


   Skills:
 + Level 1.3 Short Blades
 + Level 2.2 Dodging
 + Level 4.8 Stealth
 + Level 2.1 Spellcasting
 + Level 4.7 Hexes


You had 2 spell levels left.
You knew the following spells:

 Your Spells              Type           Power      Damage    Failure   Level
a - Corona                Hex            18%        N/A       2%          1
b - Ensorcelled Hibernat  Hex/Ice        18%        N/A       11%         2

Your spell library contained the following spells:

 Spells                   Type           Power      Damage    Failure   Level
 Confusing Touch          Hex            17%        N/A       9%          3
 Tukima's Dance           Hex            17%        N/A       9%          3
 Dazzling Flash           Conj/Hex       18%        N/A       22%         3


Dungeon Overview and Level Annotations

Branches:
Dungeon (1/15)

Altars:


Innate Abilities, Weirdness & Mutations

You do not regenerate when monsters are visible.
You are frail without blood (-20% HP).
You can heal yourself when you bite living creatures.
You are immune to poison.
You have razor-sharp teeth.
You have supernaturally acute eyesight. (SInv)
You are afflicted with vampirism.


Message History

The bat closely misses you.
You hit the bat.
The bat is severely wounded.
The bat misses you.
You hit the bat.
You kill the bat!
You hit the quokka.
The quokka is heavily wounded.
The quokka closely misses you.
You hit the quokka but do no damage.
The quokka is heavily wounded.
The quokka misses you.
You closely miss the quokka.
The quokka is heavily wounded.
The quokka bites you but does no damage.
You hit the quokka.
The quokka is severely wounded.
The quokka bites you.
You hit the quokka.
The quokka is almost dead.
The quokka barely misses you. The quokka bites you.
You hit the quokka.
You kill the quokka!
Casting: Corona (safe; 2% risk of failure)
Confirm with . or Enter, or press ? or * to list all spells.
Aiming: Corona (safe; 2% risk of failure)
Press: ? - help, Shift-Dir - straight line, f - kobold
Aim: a kobold, wielding a +0 short sword and quivering stones (chance to affect: 71%)
The kobold is outlined in light.
The kobold closely misses you.
You completely miss the kobold.
The kobold hits you with a +0 short sword.
You barely miss the kobold. The kobold hits you but does no damage.
You hit the kobold.
The kobold is severely wounded.
The kobold hits you with a +0 short sword.
* * * LOW HITPOINT WARNING * * *
You completely miss the kobold.
The kobold is severely wounded.
The kobold hits you with a +0 short sword.
You die...

#.........P.PPPP......... ...
#...#.#.#.#.#.#........# ...
#..#.P.#_#...#........# #.#
#..#.#.#.#.#.#........# ## #.#
##.....................# #.. #.#
#...#.#.#P#.#.#........# #...#.#
#.(.#...#.#...#........#
#...#.###..#############.....###
#..............@K†.............
#...#.......###.###...##.#...##
#.. #.......###.##....# .#####
#. #.........#.##....... #
#.........#.##....K....
#...........##.........
#.........####.r.......
#.....)...# #....##.##
#.........# #..... ..


You could see a kobold (corona).

Vanquished Creatures
  A ball python (D:1)
  3 endoplasms (D:1)
  A goblin (D:1)
  A quokka (D:1)
  A bat (D:1)
  2 frilled lizards (D:1)
  A rat (D:1)
10 creatures vanquished.

Vanquished Creatures (others)
  4 plants (D:1)
4 creatures vanquished.

Grand Total: 14 creatures vanquished

Notes
Turn   | Place    | Note
-------+----------+-------------------------------------------
     0 | D:1      | spaced the Vampire Enchanter began the quest for the Orb.
     0 | D:1      | Reached XP level 1. HP: 13/13 MP: 3/3
   127 | D:1      | Found a faded altar of an unknown god.
   276 | D:1      | Reached XP level 2. HP: 15/15 MP: 5/5
   279 | D:1      | Learned a level 2 spell: Ensorcelled Hibernation
   324 | D:1      | Slain by a kobold

Illustrated notes

Levels and vault maps discovered:
D:1:      amcnicky_arrival_choice, layout_basic,
          shapermc_ecumenical_altar_mp_urbaneastern

Action                   || total
-------------------------++-------
Melee: Dagger            ||    51
       Bite              ||     5
 Cast: Corona            ||     5
       Ensorcelled Hiber ||     2
 Abil: Exsanguinate      ||     1
 Stab: Sleeping          ||     5
Armor: Robe              ||     4
Dodge: Dodged            ||    23
